 Dungeon Crawl Stone Soup version 0.28.0-62-gf88900778d (webtiles) character file.

Game seed: 5154248732209676370

50684 AarnesTheHuman the Thaumaturge (level 14, -2/90 HPs)
             Began as a Gargoyle Earth Elementalist on Sept 18, 2023.
             Was a Follower of Yredelemnul.
             Slain by an ice devil (12 damage)
             ... summoned by an orc high priest
             ... on level 2 of the Orcish Mines on Sept 19, 2023.
             The game lasted 01:32:46 (29911 turns).

AarnesTheHuman the Thaumaturge (GrEE)              Turns: 29911, Time: 01:32:47

Health: -2/90      AC: 22    Str: 15      XL:     14   Next: 56%
Magic:  11/30      EV: 11    Int: 16 (18) God:    Yredelemnul [*.....]
Gold:   1458       SH: 11    Dex: 10      Spells: 19/38 levels left

rFire   . . .      SeeInvis .   a - +3 dagger (venom)
rCold   . . .      Faith    +   l - +0 kite shield
rNeg    + . .      Spirit   .   H - +2 steam dragon scales
rPois   ∞          Reflect  .   S - +1 hat
rElec   +          Harm     .   h - scarf {shadows}
rCorr   .          Rampage  .   (no gloves)
Will    +++..                   i - +2 pair of boots
Stlth   ++........              T - amulet of faith
HPRegen 0.25/turn               x - ring of willpower
MPRegen 0.22/turn               F - ring of willpower

@: flying
A: sickness immunity, AC +10, big wings, negative energy resistance 1,
electricity resistance, torment resistance 1, petrification resistance
a: Renounce Religion, Recall Undead Harvest


You were on level 2 of the Orcish Mines.
You worshipped Yredelemnul.
Yredelemnul was aware of your devotion.
You visited 4 branches of the dungeon, and saw 20 of its levels.

You collected 1833 gold pieces.
You spent 375 gold pieces at shops.

Inventory:

Hand Weapons
 a - a +3 dagger of venom (weapon)
 b - the +10 long sword "Cegu Loy" {venom, SInv}
   (You found it on level 5 of the Dungeon)

   It poisons the flesh of those it strikes.
   SInv:      It lets you see invisible.
 q - the +4 war axe of Responsibility {vorpal, Fly Dex+3 SInv}
   (You found it on level 4 of the Dungeon)

   It inflicts extra damage upon your enemies.
   Dex:       It affects your dexterity (+3).
   SInv:      It lets you see invisible.
   Fly:       It grants you flight.
Missiles
 c - 457 stones
 d - 59 poisoned darts (quivered)
 G - a throwing net
 P - 4 curare-tipped darts
Armour
 h - a scarf of shadows (worn)
 i - a +2 pair of boots (worn)
 l - a +0 kite shield (worn)
 H - +2 steam dragon scales (worn)
 S - a +1 hat (worn)
Magical Staves
 g - a staff of fire
 n - a staff of cold
Jewellery
 v - a ring of ice
 w - a +6 ring of dexterity
 x - a ring of willpower (left hand)
 F - a ring of willpower (right hand)
 L - a +6 ring of strength
 M - the ring of Pebbenou {Ice rElec rCorr SInv}
   (You found it on level 8 of the Dungeon)

   [ring of ice]

   It enhances your ice magic.
   rF:        It makes you vulnerable to fire.
   rC:        It protects you from cold.
   rElec:     It insulates you from electricity.
   SInv:      It lets you see invisible.
   rCorr:     It protects you from acid and corrosion.
 O - a ring of protection from cold
 T - an amulet of faith (around neck)
 V - a ring of resist corrosion
Wands
 p - a wand of charming (3)
 s - a wand of polymorph (7)
 A - a wand of iceblast (23)
 E - a wand of flame (37)
 Z - a wand of mindburst (8)
Scrolls
 o - a scroll of blinking
 r - 2 scrolls of enchant armour
 y - 2 scrolls of amnesia
 B - a scroll of identify
 C - 4 scrolls of teleportation
 D - 6 scrolls of fog
 I - a scroll of magic mapping
 N - a scroll of summoning
 R - 2 scrolls of fear
 U - 2 scrolls of holy word {unknown}
 Y - 4 scrolls of immolation
Potions
 e - 4 potions of lignification
 f - 2 potions of haste
 j - 6 potions of curing
 m - 3 potions of cancellation
 t - 3 potions of resistance
 u - a potion of attraction
 z - 2 potions of ambrosia
 J - 4 potions of brilliance
 K - 3 potions of heal wounds
 Q - a potion of mutation
 W - 2 potions of berserk rage {unknown}
 X - 2 potions of might
Miscellaneous
 k - a tin of tremorstones (inert)


   Skills:
 - Level 11.0 Fighting
 - Level 5.0 Armour
 - Level 3.0 Dodging
 - Level 2.1 Stealth
 - Level 11.0 Shields
 + Level 12.9 Spellcasting
 - Level 8.0 Conjurations
 - Level 0.7 Transmutations
 - Level 5.0 Ice Magic
 - Level 8.0 Earth Magic
 * Level 6.3 Poison Magic
 - Level 9.0 Invocations


You had 19 spell levels left.
You knew the following spells:

 Your Spells              Type           Power      Damage    Failure   Level
a - Sandblast             Erth           70%        2d15      1%          1
b - Stone Arrow           Conj/Erth      70%        3d11      1%          3
c - Passwall              Tmut/Erth      20%        N/A       3%          2
d - Poisonous Vapours     Pois/Air       40%        N/A       6%          2
e - Ozocubu's Armour      Ice            26%        N/A       5%          3
f - Hailstorm             Conj/Ice       31%        3d8       10%         4
g - Olgreb's Toxic Radia  Pois           30%        N/A       11%         4

Your spell library contained the following spells:

 Spells                   Type           Power      Damage    Failure   Level
 Sting                    Tmut/Pois      84%        1d7       3%          1
 Slow                     Hex            40%        N/A       14%         1
 Corpse Rot               Necr/Air       20%        N/A       22%         2
 Petrify                  Tmut/Erth      24%        N/A       24%         4
 Animate Armour           Summ/Erth      46%        N/A       28%         4
 Leda's Liquefaction      Hex/Erth       11%        N/A       28%         4
 Call Canine Familiar     Summ           10%        N/A       41%         3
 Confusing Touch          Hex            10%        N/A       41%         3
 Portal Projectile        Hex/Tloc       20%        N/A       41%         3
 Vampiric Draining        Necr           10%        2d6       41%         3
 Ice Form                 Ice/Tmut       19%        N/A       41%         4
 Passage of Golubria      Tloc           10%        N/A       82%         4
 Silence                  Hex/Air        5%         N/A       99%         5
 Simulacrum               Ice/Necr       9%         N/A       100%        6
 Ozocubu's Refrigeration  Ice            13%        4d7       100%        7
 Lehudib's Crystal Spear  Conj/Erth      17%        10d5      100%        8


Dungeon Overview and Level Annotations

Branches:
Dungeon (11/15)            Temple (1/1) D:7            Lair (6/6) D:8
  Swamp (0/4) Lair:4        Snake (0/4) Lair:2        Slime (0/5) Lair:6
    Orc (2/2) D:9             Elf (0/3) Orc:2

Altars:
Ashenzari
Cheibriados
Dithmenos
Elyvilon
Fedhas
Gozag
Hepliaklqana
Kikubaaqudgha
Makhleb
Nemelex Xobeh
Okawaru
Qazlal
Ru
Sif Muna
Trog
Uskayaw
Vehumet
Wu Jian
Xom
Yredelemnul
Zin
The Shining One
Beogh

Shops:
Orc:2 =!

Annotations:
D:4 exclusion: door
D:5 exclusion: 2 downstairs
D:7 1 runed translucent door, exclusion: door, Sensen's ghost, novice GrEE
D:8 exclusion: downstairs
D:10 exclusion: downstairs
Lair:4 exclusion: 2 downstairs


Innate Abilities, Weirdness & Mutations

You are immune to sickness and miasma.
Your stone body is resilient. (AC +10)
You are immune to poison.
Your large and strong wings let you fly.
You resist negative energy. (rN+)
You are resistant to electric shocks. (rElec)
You are resistant to unholy torment.
You are immune to petrification.


Message History

Okay, then.
Your orc priest zombie closely misses the ice devil.
The ice devil hits you but does no damage.
Casting: Stone Arrow (safe; 1% risk of failure)
Confirm with . or Enter, or press ? or * to list all spells.
Aiming: Stone Arrow (safe; 1% risk of failure)
Press: ? - help, Shift-Dir - straight line, f/p - orc high priest
Aim: an orc high priest, wielding a +0 scimitar and wearing a +0 chain mail (lightly wounded, very poisoned, ally target, 74% to hit)
The stone arrow hits the orc high priest!!
The orc high priest is heavily wounded.
The orc high priest hits you but does no damage.
Your orc priest zombie completely misses the orc high priest.
The ice devil hits you! The ice devil freezes you!!
Casting: Stone Arrow (safe; 1% risk of failure)
Confirm with . or Enter, or press ? or * to list all spells.
Aiming: Stone Arrow (safe; 1% risk of failure)
Press: ? - help, Shift-Dir - straight line, f/p - orc high priest
Aim: an orc high priest, wielding a +0 scimitar and wearing a +0 chain mail (heavily wounded, very poisoned, ally target, 74% to hit)
The stone arrow misses the orc high priest.
Your orc priest zombie closely misses the orc high priest.
The orc high priest invokes the aid of Beogh against you.
Beogh smites you! The ice devil hits you!
* * * LOW HITPOINT WARNING * * *
The ice devil freezes you!
* * * LOW HITPOINT WARNING * * *
Casting: Stone Arrow (safe; 1% risk of failure)
Confirm with . or Enter, or press ? or * to list all spells.
Aiming: Stone Arrow (safe; 1% risk of failure)
Press: ? - help, Shift-Dir - straight line, f/p - orc high priest
Aim: an orc high priest, wielding a +0 scimitar and wearing a +0 chain mail (heavily wounded, very poisoned, ally target, 74% to hit)
The stone arrow hits the orc high priest!!
The orc high priest is severely wounded.
Your orc priest zombie hits the orc high priest. x2
The orc high priest says, "All sinners must die."
The orc high priest hits you but does no damage.
The ice devil hits you.
* * * LOW HITPOINT WARNING * * *
The ice devil freezes you!
You die...
Your body rises from the dead as a mindless zombie.

........Z...........
#####.###.###.######
....#.# #.# #.# ._..#
....#.###.###.# ....# #
[)).#.........# .... .#
)[..#.###.###.###'###).#
#)###.# #.# #.)))...)).#
[.)...# #.# #..8Z))8....
#'##..###.###...@o.).).#
))[#........)).)Z4...).#
.).#..#######.###.###..#
...#..# #.# #.# .#
####..# #.# #.# .......
... ... ....... ... ...
####### #####


You could see an orc high priest (very poisoned, ally target), an ice devil
(summoned) and 2 friendly orc priest zombies.

Vanquished Creatures
  A catoblepas (Lair:6)
  4 hydras
  3 two-headed ogres
  4 death yaks
  Sonja (Lair:1)
  3 orc high priests (Orc:2)
  4 deep elf pyromancers (D:11)
  3 deep elf zephyrmancers (D:11)
  Pikel (D:8)
  A manticore (D:11)
  4 elephants (Lair:6)
  2 black mambas
  5 cane toads
  Maggie (D:7)
  2 rime drakes
  3 komodo dragons
  2 burning bushes (Lair:1)
  A polar bear (Lair:6)
  A troll (D:9)
  Prince Ribbit (D:9)
  A tyrant leech (Lair:4)
  4 blink frogs
  Grinder (D:6)
  3 dream sheep (Lair:6)
  A wyvern (Lair:5)
  A shadow (D:10)
  18 yaks
  A wraith (D:10)
  Eustachio (D:3)
  2 steam dragons
  3 wargs (Orc:2)
  4 vampire mosquitoes
  2 nagas (Lair:2)
  2 two-headed ogre zombies (D:9)
  2 swamp worms (Lair:4)
  Duvessa (D:7)
  10 water moccasins
  An ice beast (D:6)
  A sky beast (D:7)
  3 orc warriors
  5 ogres
  7 black bears
  7 wolves
  2 centaurs
  3 phantoms
  A lemure (D:9)
  9 kobold brigands
  6 bullfrogs
  5 scorpions
  Dowan (D:7)
  10 killer bees
  5 wights (D:8)
  6 howler monkeys
  An electric eel (Lair:4)
  A bullfrog zombie (D:5)
  3 centaur zombies
  3 jellies
  2 hounds
  24 orc priests
  An iron imp (D:7)
  3 bullfrog skeletons
  7 orc wizards
  9 iguanas
  A killer bee zombie (D:9)
  3 ogre zombies (D:9)
  A hound skeleton (D:5)
  A howler monkey zombie (D:7)
  A howler monkey skeleton (D:6)
  4 gnolls (D:7)
  4 adders
  A white imp (D:7)
  A worm (D:2)
  3 dart slugs
  35 orcs
  9 endoplasms
  A giant cockroach (D:2)
  9 goblins
  5 hobgoblins
  2 jackals (D:2)
  4 quokkas
  7 ball pythons
  3 frilled lizards
  A goblin zombie (D:9)
  3 hobgoblin skeletons (D:9)
  2 hobgoblin zombies (D:9)
  A jackal skeleton (D:4)
  19 kobolds
  4 orc skeletons (D:9)
  8 orc zombies (D:9)
  2 rats
365 creatures vanquished.

Vanquished Creatures (collateral kills)
  A dire elephant (Lair:6)
  A deep troll shaman (Lair:6)
  5 death yaks
  An orc high priest (Orc:2)
  A deep elf pyromancer (D:11)
  The ghost of Quickbrownfox the Chiller, a novice DsIE of Yredelemnul (D:6)
  An ugly thing (D:11)
  An oklob plant (Lair:3)
  5 elephants (Lair:6)
  A centaur zombie (D:10)
  2 black mambas
  4 cane toads
  A rime drake (Lair:5)
  3 komodo dragons
  A polar bear (Lair:5)
  10 blink frogs
  3 dream sheep (Lair:6)
  9 yaks
  A fire elemental (Lair:5)
  2 vampire mosquitoes (D:8)
  7 water moccasins
  A hornet zombie (D:8)
  A black bear (D:8)
  8 wolves
  2 kobold brigands (D:10)
  3 bullfrogs
  A troll zombie (D:9)
  A killer bee (D:9)
  A howler monkey (D:10)
  A centaur skeleton (D:4)
  A jelly (Lair:6)
  5 orc priests (Orc:2)
  An orc wizard (D:8)
  2 ogre zombies (D:9)
  4 orcs
  2 endoplasms (Lair:6)
  4 kobolds
  A goblin zombie (D:9)
  A hobgoblin zombie (D:9)
  An orc skeleton (D:9)
  4 orc zombies (D:9)
  A plant (Lair:6)
107 creatures vanquished.

Vanquished Creatures (others)
  A death yak zombie (Lair:6)
  A black mamba zombie (Lair:4)
  A two-headed ogre zombie (D:6)
  2 cane toad zombies
  4 dream sheep zombies (Lair:6)
  2 elephant zombies (Lair:6)
  A manticore zombie (D:11)
  2 elf zombies (D:11)
  6 blink frog zombies
  2 vampire mosquito zombies
  A rime drake zombie (Lair:6)
  A wyvern zombie (Lair:5)
  A warg zombie (Orc:2)
  3 water moccasin zombies
  2 yak zombies (Lair:5)
  2 polar bear zombies
  8 wolf zombies
  A bullfrog zombie (Lair:3)
  An orc wizard (D:11)
  4 killer bee zombies (D:9)
  A howler monkey zombie (D:9)
  A spectral jelly (Lair:6)
  An iguana zombie (D:7)
  A spectral white imp (D:7)
  6 kobold zombies
  39 orc zombies
  2 spectral endoplasms (Lair:6)
  A bush (Lair:5)
  165 fungi
  153 plants
416 creatures vanquished.

Grand Total: 888 creatures vanquished

Notes
Turn   | Place    | Note
-------+----------+-------------------------------------------
     0 | D:1      | AarnesTheHuman the Gargoyle Earth Elementalist began the
                  | quest for the Orb.
     0 | D:1      | Reached XP level 1. HP: 10/10 MP: 3/3
   205 | D:1      | Reached XP level 2. HP: 12/15 MP: 5/5
   976 | D:2      | Reached XP level 3. HP: 14/19 MP: 3/6
  1060 | D:2      | Learned a level 3 spell: Stone Arrow
  1531 | D:2      | Found a shimmering blue altar of Sif Muna.
  1615 | D:2      | Found a faded altar of an unknown god.
  1897 | D:3      | Reached XP level 4. HP: 24/24 MP: 4/8
  1925 | D:3      | Reached skill level 1 in Fighting
  2184 | D:3      | Reached skill level 1 in Conjurations
  2186 | D:3      | Reached skill level 3 in Spellcasting
  2401 | D:3      | Found a glowing golden altar of the Shining One.
  2530 | D:4      | Reached skill level 5 in Earth Magic
  2530 | D:4      | Reached XP level 5. HP: 19/30 MP: 9/9
  2848 | D:4      | Noticed a black bear
  2916 | D:4      | Noticed Eustachio
  3036 | D:3      | Killed Eustachio
  3037 | D:3      | Reached XP level 6. HP: 11/37 MP: 8/10
  3365 | D:4      | Learned a level 2 spell: Passwall
  3725 | D:4      | Identified the +4 war axe of Responsibility {vorpal, Fly
                  | Dex+3 SInv}
  3771 | D:4      | Noticed a black bear
  3801 | D:5      | Entered Level 5 of the Dungeon
  3850 | D:5      | Reached skill level 1 in Armour
  3850 | D:5      | Reached XP level 7. HP: 35/43 MP: 1/11
  3854 | D:5      | Identified the +1 leather armour of Mezcal {Dex+4}
  3854 | D:5      | You fall into a shaft and drop 1 floor!
  4421 | D:5      | Reached skill level 5 in Fighting
  4544 | D:5      | Identified the +10 long sword "Cegu Loy" {venom, SInv}
  4554 | D:5      | Learned a level 2 spell: Poisonous Vapours
  4618 | D:4      | Reached skill level 4 in Spellcasting
  4618 | D:4      | Reached skill level 1 in Poison Magic
  4618 | D:4      | Reached XP level 8. HP: 49/49 MP: 0/14
  4741 | D:4      | Found a bloodstained altar of Trog.
  5208 | D:4      | Found a bloodstained altar of Trog.
  5855 | D:5      | Reached skill level 5 in Spellcasting
  6241 | D:6      | Found a runed translucent gate.
  6241 | D:6      | Found a runed translucent gate.
  6241 | D:6      | Found a runed translucent gate.
  6242 | D:6      | Noticed Quickbrownfox's ghost (novice DsIE)
  6368 | D:6      | Reached skill level 6 in Spellcasting
  6554 | D:6      | Noticed a two-headed ogre
  6584 | D:6      | Noticed Grinder
  6846 | D:7      | Reached XP level 9. HP: 56/56 MP: 12/18
  6970 | D:7      | Found a snail-covered altar of Cheibriados.
  7086 | D:7      | Found a staircase to the Ecumenical Temple.
  7215 | Temple   | Entered the Ecumenical Temple
  7356 | Temple   | Became a worshipper of Yredelemnul the Dark
  7453 | D:7      | Noticed Maggie
  7552 | D:7      | Found a broken altar of Ashenzari.
  7552 | D:7      | Noticed Dowan
  7647 | D:7      | Killed Maggie
  7648 | D:7      | Reached skill level 5 in Conjurations
  7928 | D:7      | Noticed Duvessa
  7979 | D:7      | Killed Dowan
  8037 | D:7      | Reached skill level 1 in Shields
  8136 | D:7      | Found a runed translucent door.
  8142 | D:7      | Noticed Sensen's ghost (novice GrEE)
  8237 | D:7      | Found a hazy altar of Hepliaklqana.
  8304 | D:7      | Found a staircase to the Ecumenical Temple.
  8321 | D:7      | Killed Duvessa
  8624 | D:7      | Found a snail-covered altar of Cheibriados.
  8656 | D:7      | Found a broken altar of Ashenzari.
  8666 | D:7      | Found a runed translucent door.
  8876 | D:7      | Found a hazy altar of Hepliaklqana.
  9161 | D:6      | Found a glowing silver altar of Zin.
  9606 | D:8      | Reached skill level 5 in Shields
  9659 | D:8      | Reached * piety under Yredelemnul
  9673 | D:8      | Reached XP level 10. HP: 50/63 MP: 3/19
  9810 | D:8      | Reached ** piety under Yredelemnul
 10016 | D:8      | Found a staircase to the Lair.
 10054 | D:8      | Found a sacrificial altar of Ru.
 10276 | D:8      | Identified the ring of Pebbenou {Ice rElec rCorr SInv}
 10421 | D:8      | Found a stormy altar of Qazlal.
 10593 | D:9      | Found a shadowy altar of Dithmenos.
 10609 | D:9      | Noticed Pikel
 10625 | D:8      | Killed Pikel
 10793 | D:9      | Noticed Prince Ribbit
 10801 | D:9      | Killed Prince Ribbit
 10988 | D:9      | Noticed a two-headed ogre
 11556 | D:9      | Reached skill level 7 in Spellcasting
 11712 | D:9      | Found an iron altar of Okawaru.
 11713 | D:9      | Found a white marble altar of Elyvilon.
 11911 | D:9      | Killed a two-headed ogre
 11912 | D:9      | Reached XP level 11. HP: 58/68 MP: 9/21
 12139 | D:9      | Found a staircase to the Orcish Mines.
 12216 | D:9      | Found an opulent altar of Gozag.
 12708 | Lair:1   | Entered Level 1 of the Lair of Beasts
 13702 | Lair:1   | Reached *** piety under Yredelemnul
 13702 | Lair:1   | Reached skill level 10 in Shields
 13702 | Lair:1   | Reached skill level 8 in Spellcasting
 14091 | Lair:1   | Noticed Sonja
 14099 | Lair:1   | Killed Sonja
 14100 | Lair:1   | Reached **** piety under Yredelemnul
 14665 | Lair:2   | Found a staircase to the Snake Pit.
 14740 | Lair:2   | Reached skill level 9 in Spellcasting
 15647 | Lair:2   | Reached ***** piety under Yredelemnul
 15900 | Lair:3   | Reached XP level 12. HP: 74/75 MP: 25/25
 16463 | Lair:3   | Reached skill level 5 in Invocations
 17613 | Lair:4   | Noticed an eight-headed hydra
 17620 | Lair:4   | Killed an eight-headed hydra
 17642 | Lair:4   | Reached skill level 10 in Spellcasting
 18326 | Lair:4   | Found a staircase to the Swamp.
 18489 | Lair:5   | Noticed a death yak
 18489 | Lair:5   | Noticed a death yak
 18489 | Lair:5   | Noticed a death yak
 18489 | Lair:5   | Noticed a death yak
 18540 | Lair:4   | Killed a death yak
 18541 | Lair:4   | Reached skill level 10 in Fighting
 18960 | Lair:5   | Noticed a seven-headed hydra
 18972 | Lair:5   | Killed a seven-headed hydra
 19231 | Lair:5   | Noticed a death yak
 19291 | Lair:4   | Killed a death yak
 19422 | D:10     | Entered Level 10 of the Dungeon
 19613 | D:10     | Noticed a two-headed ogre
 19625 | D:10     | Killed a two-headed ogre
 19762 | D:10     | Reached XP level 13. HP: 77/82 MP: 27/27
 20914 | D:11     | Reached skill level 11 in Spellcasting
 21925 | D:11     | Learned a level 3 spell: Ozocubu's Armour
 21930 | D:11     | Learned a level 4 spell: Hailstorm
 22148 | Lair:5   | Reached skill level 1 in Ice Magic
 23154 | Lair:5   | Reached skill level 12 in Spellcasting
 23181 | Lair:6   | Entered Level 6 of the Lair of Beasts
 23748 | Lair:6   | Found a staircase to the Slime Pits.
 23753 | Lair:6   | Reached ****** piety under Yredelemnul
 23759 | Lair:6   | Reached skill level 5 in Armour
 23932 | Lair:6   | Reached skill level 5 in Ice Magic
 24577 | Lair:6   | Gained mutation: Your large and strong wings let you fly.
                  | [Gargoyle growth]
 24577 | Lair:6   | Reached XP level 14. HP: 75/90 MP: 25/30
 24628 | Lair:6   | Noticed a dire elephant
 25657 | Lair:6   | Killed a dire elephant
 25878 | Lair:6   | Learned a level 4 spell: Olgreb's Toxic Radiance
 27264 | D:6      | Killed Grinder
 27407 | D:6      | Reached skill level 5 in Poison Magic
 27428 | D:6      | Killed Quickbrownfox's ghost
 28166 | Orc:1    | Entered Level 1 of the Orcish Mines
 28325 | Orc:2    | Entered Level 2 of the Orcish Mines
 28558 | Orc:2    | Found a staircase to the Elven Halls.
 28894 | Orc:2    | Found Rischeuk's Jewellery Emporium.
 29349 | Orc:2    | Found Cuujegh's Distillery.
 29362 | Orc:2    | Bought a ring of willpower for 375 gold pieces
 29911 | Orc:2    | Slain by an ice devil

Illustrated notes

Levels and vault maps discovered:
D:1:      dpeg_arrival_windows_large_door, layout_loops_ring, chequers_arboretum
D:2:      layout_rooms, basic_altar, hellmonk_ecumenical_altar_heavens_door,
          grunt_decor_mini_mirrors, hangedman_decor_peaks_small
D:3:      layout_basic, tso_altar
D:4:      layout_basic, kennysheep_little_box, uniq_eustachio
D:5:      layout_rooms, minmay_joined_circles
D:6:      layout_gridville, mainiacjoe_overflow_concentric_impassable,
          gammafunk_ghost_nasty_kobolds, chequers_garden, uniq_grinder
D:7:      layout_rooms, ashenzari_altar_1, slow_altar_1, marbit_many_paths,
          minmay_temple_entry_water_ring, ebering_ghost_reflecting_pool,
          dk_vineyard_1, uniq_duvessa, uniq_maggie
D:8:      layout_rooms, nicolae_qazlal_eye_of_the_storm, old_standard_altar,
          due_lair_maze_entry_diamond, serial_aquarium, aquarium_bridge_square
          [aquarium_subvault_bridge, aquarium_subvault_bridge,
          aquarium_subvault_bridge, aquarium_subvault_window],
          aquarium_bridge_island_small [aquarium_subvault_small_water,
          aquarium_subvault_wall, aquarium_subvault_bridge,
          aquarium_subvault_bridge, aquarium_subvault_wall],
          aquarium_window_double, aquarium_window_1, aquarium_window_1,
          aquarium_view_2c, aquarium_view_2b, aquarium_balcony_1a
D:9:      minmay_evil_eye, layout_long_grid, overflow_temple_1_default,
          mainiacjoe_overflow_alcove_4, nicolae_overflow_squiral,
          zombieorc2_lemuel, uniq_prince_ribbit1, uniq_pikel
D:10:     layout_loops_cross
D:11:     layout_rooms, elves_outpost_lemuel
Temple:   compressed_dpeg_circular_temple
Lair:1:   layout_cave_pods, evilmike_ambush [evilmike_ambush_outer_pillars,
          evilmike_ambush_inner_wall_2], grunt_megastairs_5, lemuel_fruit_tree,
          uniq_sonja
Lair:2:   layout_gridlike, guppyfry_snake_entry_island
Lair:3:   layout_regular_city, grunt_megastairs_2
Lair:4:   layout_regular_city, minmay_swamp_entry_worms, grunt_megastairs_3,
          serial_bayou_shore_a
Lair:5:   layout_small_grid, amcnicky_mini_pool_medium
Lair:6:   grunt_lair_end_beastmaster, layout_small_grid,
          nicolae_slime_entry_slimehenge, serial_bayou_shore_b
Orc:1:    layout_caves
Orc:2:    st_orc_town, layout_diamond_mine, basic_altar

Skill      XL: |  1  2  3  4  5  6  7  8  9 10 11 12 13 14 |
---------------+-------------------------------------------+-----
Earth Magic    | 4 5 6 7 8 |  8.0
Fighting       | 1 3 4 5 6 7 8 10 11 | 11.0
Conjurations   | 1 4 5 6 7 8 |  8.0
Spellcasting   | 3 4 6 7 9 10 12 | 12.9
Armour         | 1 2 3 4 5 |  5.0
Poison Magic   | 1 2 4 6 |  6.3
Invocations    | 3 4 8 9 |  9.0
Shields        | 6 9 10 11 | 11.0
Ice Magic      | 5 |  5.0
Dodging        | 3 |  3.0
Stealth        | |  2.1
Transmutations | |  0.7

Action                   |  1- 3 |  4- 6 |  7- 9 | 10-12 | 13-15 || total
-------------------------+-------+-------+-------+-------+-------++-------
Melee: Dagger            |    59 |    53 |   130 |   411 |   273 ||   926
       Punch             |     1 |     1 |     2 |       |       ||     4
       Short sword       |       |    13 |    27 |       |       ||    40
       Long sword        |       |       |    14 |    93 |    61 ||   168
Throw: Stone             |       |     1 |       |       |       ||     1
 Cast: Sandblast         |    38 |    16 |       |       |       ||    54
       Stone Arrow       |       |    10 |    59 |   115 |   120 ||   304
       Poisonous Vapours |       |       |    34 |    71 |   108 ||   213
       Passwall          |       |       |     4 |       |       ||     4
       Ozocubu's Armour  |       |       |       |       |     2 ||     2
       Olgreb's Toxic Ra |       |       |       |       |    20 ||    20
Invok: Recall Undead Har |       |       |     2 |     5 |     4 ||    11
       Bind Soul         |       |       |       |       |     1 ||     1
Evoke: Wand              |       |     1 |       |     7 |     1 ||     9
       Tin of tremorston |       |       |       |       |     2 ||     2
  Use: Scroll            |       |    14 |     3 |    12 |     3 ||    32
       Potion            |       |       |     2 |     1 |     1 ||     4
 Stab: Sleeping          |     2 |     1 |     4 |     4 |       ||    11
       Betrayed ally     |       |     1 |       |       |       ||     1
       Distracted        |       |       |     1 |     2 |     2 ||     5
Armor: Robe              |    25 |    37 |     9 |       |       ||    71
       Leather armour    |       |       |    48 |       |       ||    48
       Steam dragon scal |       |       |    28 |   259 |   183 ||   470
       Skin              |       |       |     9 |       |       ||     9
Dodge: Dodged            |    44 |    59 |   138 |   268 |   172 ||   681
Block: Kite shield       |       |       |       |   328 |   224 ||   552
